Description

When the Starport finalize switch with the barracks reactor and the barracks switch with the Tech Factory.

Replay - 2 Liberators - 1 Tank-2

Build Order

Get SALT Encoding   

  6  0:01  SCV  
  13  0:13  SCV  
  14  0:19  Supply Depot  
  14  0:25  SCV  
  15  0:29  Refinery  
  15  0:40  SCV  
  16  0:46  Barracks  
  16  0:52  SCV  
  17  0:59  Refinery  
  17  1:04  SCV  
  18  1:17  SCV  
  19  1:29  SCV  
  20  1:33  Reaper  
  20  1:36  Supply Depot  
  21  1:41  Orbital Command  
  21  1:53  Factory  
  21  2:05  Barracks Reactor  
  21  2:08  Supply Depot  
  21  2:09  SCV  
  22  2:21  SCV  
  23  2:36  Factory Tech Lab  
  24  2:40  Starport  
  24  2:41  Marine x2  
  26  2:55  Siege Tank  
  30  2:59  Marine x2  
  30  3:01  Supply Depot  
  33  3:25  Liberator x2  
  39  3:33  Marine  
  41  3:46  Supply Depot  
  41  3:47  Stimpack  
  41  3:59  Marine  
  42  4:10  Viking  
  42  4:15  Command Center  
  44  4:18  Viking  
Spawning Tool Build Advisor. Get it on Overwolf

Go to:

Details

  • Created by: Over
  • Published on: Oct 07, 2021
  • Modified on: Oct 07, 2021
  • Patch: 4.11.0
  • Difficulty: Medium
Show
View Real Time Build Order
Export as new Build Order

Comments (0)

There are no comments. Be the first!

Create an account to comment!